 Dungeon Crawl Stone Soup version 0.25.0-37-gb73750e0fb (webtiles) character file.

Game seed: 9631192805971618736

249 Ethylacetat the Poker (level 5, 0/41 HPs)
             Began as a Demonspawn Gladiator on July 8, 2020.
             Slain by a phantom (2 damage)
             ... on level 4 of the Dungeon.
             The game lasted 00:06:04 (4583 turns).

Ethylacetat the Poker (Demonspawn Gladiator)        Turns: 4583, Time: 00:06:04

Health: 0/41       AC:  4    Str: 15    XL:     5   Next: 86%
Magic:  5/5        EV: 13    Int:  9    God:
Gold:   147        SH:  0    Dex: 15    Spells: 4/4 levels left

rFire    . . .     SeeInvis +   a - +0 trident
rCold    . . .     Gourm    .   (no shield)
rNeg     . . .     Faith    .   b - +0 leather armour
rPois    .         Spirit   .   c - +0 helmet
rElec    .         Reflect  .   (no cloak)
rCorr    .         Harm     .   (no gloves)
MR       .....                  (no boots)
Stlth    +.........             (no amulet)
HPRegen  0.13/turn              k - ring of see invisible
MPRegen  0.09/turn              (no ring)

@: no status effects
A: hooves 1, rot immunity
a: no special abilities


You were on level 4 of the Dungeon.
You were hungry.

You visited 1 branch of the dungeon, and saw 4 of its levels.

You collected 147 gold pieces.

Inventory:

Hand Weapons
 a - a +0 trident (weapon)
Missiles
 d - 3 throwing nets (quivered)
Armour
 b - a +0 leather armour (worn)
 c - a +0 helmet (worn)
Jewellery
 k - a ring of see invisible (left hand)
Wands
 o - a wand of disintegration (6)
 p - a wand of random effects (8)
Scrolls
 e - a scroll of magic mapping {unknown}
 g - 2 scrolls of fog {unknown}
 h - 2 scrolls of teleportation {unknown}
 j - 6 scrolls of identify {unknown}
 l - a scroll of amnesia {unknown}
 m - 4 scrolls of remove curse {unknown}
 n - a scroll of immolation {unknown}
 s - a scroll of enchant weapon {unknown}
 u - 2 scrolls of random uselessness {unknown}
Potions
 i - 2 potions of curing {unknown}
 r - a potion of heal wounds {unknown}
 t - a potion of haste {unknown}
Comestibles
 f - 3 rations


   Skills:
 + Level 3.0 Fighting
 + Level 4.1 Polearms
 + Level 1.9 Throwing
 + Level 2.1 Armour
 + Level 3.7 Dodging
 + Level 0.9 Stealth


You had 4 spell levels left.
You didn't know any spells.
Your spell library contained the following spells:

 Spells                   Type           Power        Failure   Level  Hunger
 Corona                   Hex            #......      45%         1    ##.....
 Ensorcelled Hibernation  Hex/Ice        #.....       58%         2    ###....
 Confusing Touch          Hex            #.......     83%         3    ####...
 Dazzling Flash           Conj/Hex       #.....       83%         3    ####...
 Tukima's Dance           Hex            #.......     83%         3    ####...


Dungeon Overview and Level Annotations

Branches:
Dungeon (4/15)
 Temple: D:4-7

Altars:
Uskayaw
Xom


Innate Abilities, Weirdness & Mutations

You have large cloven feet.
You are immune to rotting.


Message History

The phantom is severely damaged.
The phantom closely misses you. The phantom closely misses you.
Attack whom?
Press: ? - help, Dir - move target cursor, f/p - phantom
Aim: a phantom (severely damaged)
Okay, then.
Attack whom?
Press: ? - help, Dir - move target cursor, f/p - phantom
Aim: a phantom (severely damaged)
You hit the phantom. You kick the phantom.
The phantom is almost destroyed.
The phantom blinks!
Attack whom?
Press: ? - help, Dir - move target cursor, f/p - phantom
Aim: a phantom (almost destroyed)
You hit the phantom.
The phantom is almost destroyed.
The phantom hits you.
You die...

....# #....# ##### #....#
#....# #. ########
#.#####......#
#########.....#......#
........#..##.#......#
........#..##........###
...............W@ยง.....#
........##.............#
........##.......$.....#
........##.##.##########
........##.##.#
........##.##.#
...........#...
############... #....


You could see a phantom.

Vanquished Creatures
  An orc priest (D:3)
  2 orc wizards
  Terence (D:2)
  6 adders
  4 worms
  4 leopard geckos
  5 orcs
  2 ball pythons
  7 bats
  3 giant cockroaches (D:2)
  4 goblins (D:1)
  8 hobgoblins
  4 jackals
  9 kobolds
  2 quokkas
  5 frilled lizards
  3 rats
70 creatures vanquished.

Notes
Turn   | Place    | Note
-------+----------+-------------------------------------------
     0 | D:1      | Ethylacetat the Demonspawn Gladiator began the quest for
                  | the Orb.
     0 | D:1      | Reached XP level 1. HP: 16/16 MP: 1/1
   294 | D:1      | Gained mutation: You are immune to rotting. [demonic
                  | ancestry]
   294 | D:1      | Reached XP level 2. HP: 10/22 MP: 2/2
   656 | D:1      | Reached skill level 3 in Polearms
  1773 | D:2      | Gained mutation: You have large cloven feet. [demonic
                  | ancestry]
  1773 | D:2      | Reached XP level 3. HP: 27/27 MP: 3/3
  2196 | D:2      | Reached skill level 1 in Armour
  2438 | D:2      | Noticed Terence
  2456 | D:2      | Killed Terence
  2456 | D:2      | Reached XP level 4. HP: 11/34 MP: 4/4
  3326 | D:2      | Reached XP level 5. HP: 11/39 MP: 5/5
  3752 | D:3      | Reached skill level 4 in Polearms
  3925 | D:3      | Found a shimmering altar of Xom.
  4117 | D:3      | Found a hide-covered altar of Uskayaw.
  4547 | D:4      | Noticed a phantom
  4579 | D:4      | HP: 2/41 [phantom (7)]
  4583 | D:4      | Slain by a phantom

Illustrated notes

Levels and vault maps discovered:
D:1:      dpeg_arrival_line_fractal, layout_basic
D:2:      layout_basic, uniq_terence
D:3:      layout_loops_ring, lemuel_coloured_pillars_altar,
          nicolae_overflow_hidden_temple
D:4:      layout_basic

Skill      XL: |  1  2  3  4  5 |
---------------+----------------+-----
Dodging        | 3 |  3.7
Polearms       | 3 4 |  4.1
Armour         | 1 2 |  2.1
Fighting       | 3 |  3.0
Throwing       | |  1.9
Stealth        | |  0.9

Action                   |  1- 3 |  4- 6 || total
-------------------------+-------+-------++-------
Melee: Trident           |   140 |   114 ||   254
       Kick              |    14 |    26 ||    40
 Stab: Sleeping          |     1 |     2 ||     3
  Eat: Chunk             |     5 |     6 ||    11
Armor: Leather armour    |    39 |    23 ||    62
Dodge: Dodged            |    61 |    59 ||   120
